AoeStats
← Caketown

Fortress

509077194Analyzed
2v2 RM · 6d ago on Sep 25, 2026· 81m 14s· 4 players
Game mode
Random Map
Map size
Normal (6 player)
Population
200
Speed
Normal
Resources
Standard
Victory
Conquest
Starting age
Dark Age
Ending age
Imperial Age
RankedLock teamsTeams togetherTeam positionsShared explorationLock speedFull tech treeHidden civsTurbo modeCheats
Victory
Defeat
🇦🇺 Dravidians · Australia
1279
+12
🇮🇳 Danes · India
1254
+13
🇮🇳 Berbers · India
1254
-15
🇮🇳 Burgundians · India
1129
-10
RockAxe2
6:30 Feudal Age
11:06 Castle Age
9:15 Double-Bit Axe
9:21 Horse Collar
12:14 Bow Saw
15:29 Squires
17:22 Scale Mail Armor
19:45 Chain Mail Armor
22:05 Wheelbarrow
21:34 Town Watch
23:41 Heavy Plow
24:35 Loom
24:51 Town Patrol
25:33 Fletching
33:12 Imperial Age
30:53 Hamask
32:28 Hand Cart
33:34 Arson
33:57 Thumb Ring
34:50 Conscription
34:15 Elite Jomsviking
34:45 Elite Skirmisher
36:50 Ballistics
37:31 Chemistry
36:44 Forging
39:46 Bodkin Arrow
39:51 Padded Archer Armor
40:02 Cranequins
41:46 Bracer
42:01 Leather Archer Armor
42:24 Iron Casting
42:22 Bloodlines
42:13 Husbandry
42:28 Masonry
42:59 Light Cavalry
44:07 Caravan
49:50 Plate Mail Armor
50:21 Blast Furnace
49:52 Ring Archer Armor
49:34 Northmen's Fury
51:42 Elite Varangian Guard
54:04 Siege Engineers
55:43 Gambesons
55:28 Capped Ram
56:50 Siege Ram
62:36 Hoardings
62:04 Pikeman
62:50 Halberdier
64:40 Coinage
65:11 Heavy Mounted Crossbowman
72:04 Murder Holes
71:56 Arrowslits
72:54 Banking
78:04 Arrowslits
78:10 Guard Tower
Caketown
8:20 Feudal Age
8:46 Double-Bit Axe
8:58 Horse Collar
13:22 Castle Age
14:26 Bow Saw
15:35 Heavy Plow
17:14 Gold Mining
18:08 Wheelbarrow
19:08 Fletching
19:18 Padded Archer Armor
20:36 Hand Cart
22:44 Ballistics
22:22 Bodkin Arrow
22:59 Husbandry
27:31 Imperial Age
25:57 Thumb Ring
25:49 Loom
27:19 Town Watch
28:37 Leather Archer Armor
29:25 Bracer
30:15 Ring Archer Armor
30:42 Conscription
30:31 Medical Corps
32:54 Elite Elephant Archer
33:09 Onager
33:18 Pikeman
34:03 Scale Mail Armor
34:14 Forging
34:51 Halberdier
43:48 Squires
50:24 Chemistry
49:59 Man-at-Arms
64:10 Iron Casting
63:59 Chain Mail Armor
68:59 Arson
70:38 Caravan
71:57 Siege Onager
Hyderabad (Ind)
3:11 Double-Bit Axe
4:29 Horse Collar
9:15 Feudal Age
13:19 Castle Age
11:23 Gold Mining
12:09 Scale Barding Armor
12:59 Forging
15:31 Husbandry
17:50 Wheelbarrow
20:36 Fletching
21:08 Stone Mining
21:53 Gold Shaft Mining
24:50 Burgundian Vineyards
24:48 Bodkin Arrow
25:15 Ballistics
24:36 Treadmill Crane
24:58 Padded Archer Armor
25:24 Bow Saw
25:09 Loom
25:15 Town Watch
26:04 Town Patrol
27:13 Hand Cart
30:07 Imperial Age
27:47 Elite Skirmisher
29:03 Chain Barding Armor
29:20 Iron Casting
30:05 Leather Archer Armor
31:53 Chemistry
31:04 Masonry
30:56 Bracer
31:22 Conscription
30:42 Elite Skirmisher
32:27 Plate Barding Armor
34:32 Blast Furnace
32:54 Cavalier
34:33 Architecture
37:27 Light Cavalry
41:21 Coinage
41:07 Hussar
42:48 Banking
43:39 Paladin
51:04 Bombard Tower
50:32 Arrowslits
50:42 Murder Holes
57:00 Fortified Wall
59:12 Stone Shaft Mining
59:12 Gold Shaft Mining
59:37 Caravan
61:08 Two-Man Saw
77:51 Elite Coustillier
[T41] Indian War Lord
6:20 Loom
8:08 Feudal Age
12:29 Castle Age
10:17 Double-Bit Axe
10:26 Fletching
12:55 Wheelbarrow
12:08 Loom
13:01 Wheelbarrow
12:42 Padded Archer Armor
13:25 Bow Saw
13:25 Bodkin Arrow
14:34 Horse Collar
23:19 Gold Mining
25:48 Leather Archer Armor
26:28 Gold Shaft Mining
30:12 Imperial Age
30:14 Ballistics
30:20 Kasbah
30:53 Bracer
32:48 Chemistry
33:09 Elite Camel Archer
35:04 Maghrebi Camels
35:25 Conscription
36:17 Ring Archer Armor
35:27 Elite Skirmisher
38:05 Caravan
38:18 Bloodlines
39:26 Thumb Ring
38:53 Heavy Camel Rider
40:38 Forging
40:34 Scale Barding Armor
42:03 Iron Casting
42:01 Husbandry
42:21 Heavy Plow
48:25 Blast Furnace
47:45 Chain Barding Armor
49:45 Guilds
57:19 Hand Cart
56:50 Town Watch
57:37 Coinage
59:44 Plate Barding Armor
70:08 Fortified Wall
77:04 Heavy Cavalry Archer
Connection lost

Rejoining the realm…

Still unreachable

The connection could not be restored.

Session expired

The server has moved on; the page needs a fresh start.